Cogmind - Beta 15 @@@ ROGUE MODE // 2025.06.21 @ 22:41:06 Player: WraithDrof Result: Destroyed by G-73 Enforcer with Heavy Laser Performance ------------- Evolutions (8) 4000 Regions Visited (22) 4400 Robots Destroyed (242) 1210 Value Destroyed (14031) 14031 Prototype IDs (50) 1000 Alien Tech Used (0) 0 Bonus (14866) 14866 TOTAL SCORE: 39507 Bonus ------- Triggered High Security 500 Triggered Max Security 1000 High Alert Combat Kills 4126 Follower Combat Kills 5185 Entered Garrisons 1000 Used RIF Installer 3000 Aligned with FarCom 300 Friendly Fire -245 Cogmind --------- Core Integrity 0/1450 Matter 300/300 Energy 83/100 System Corruption 15% Temperature Cool (9) Movement Core (50) Location -2/Testing Parts ------- > --- POWER (2) -------- (None) > --- PROPULSION (4) --- (None) > --- UTILITY (13) ----- (None) > --- WEAPON (4) ------- (None) > --- INVENTORY (5) ---- Advanced Heat Sink Improved Trap Scanner Nova Cannon Null Cannon Advanced Remote Datajack Peak State ------------ > --- POWER ------------ Particle Reactor Light Quantum Reactor > --- PROPULSION ------- Myomer Leg Enhanced Biometal Leg Centrium Leg Centrium Leg > --- UTILITY ---------- Advanced Cryofiber Web Experimental Heat Sink Large Storage Unit Improved Trap Scanner Core Analyzer Advanced Reaction Control System Layered Medium Armor Plating Improved Force Field Relay Coupler [NC] Relay Coupler [Grunt] Relay Coupler [Brawler] Relay Coupler [Demolisher] Dynamic Insulation System > --- WEAPON ----------- Gamma Rifle Enhanced Quantum Rifle Improved Matter Neutralizer Advanced Remote Datajack > --- INVENTORY -------- Light Fission Core Reinforced Antimatter Reactor Myomer Leg Myomer Leg Improved Diametric Drive Advanced Heat Sink Energy Well Layered Medium Armor Plating Relay Coupler [NC] Nova Cannon Heavy Machine Gun Railgun Perforator Advanced Remote Datajack [Rating: 154] Favorites ----------- Power Cooled Ion Engine Engine Cooled Ion Engine Power Core Reinforced Fission Core Reactor Particle Reactor Propulsion Potential Leg Treads Light Treads Leg Potential Leg Wheel Wheel Hover Unit Aerolev Unit Flight Unit Improved VTOL Module Utility Large Storage Unit Device Advanced Heat Sink Storage Large Storage Unit Processor Experimental Targeting Computer Hackware Relay Coupler [NC] Protection Improved Medium Armor Plating Weapon Enhanced Autogun Energy Gun Wave Gun Energy Cannon Nova Cannon Ballistic Gun Enhanced Autogun Ballistic Cannon Light Cannon Launcher Heavy Missile Launcher Special Weapon Advanced Remote Datajack Impact Weapon Heavy Mace Build | -11 -10 -10 -10 -9 -8 -8 -8 -8 -6 -6 -5 -5 -5 -5 -4 -4 -4 -4 -3 -3 -2 -2 ------- Run | Yrd Mat Min Exi Min Mat Sto Rec Scr Fac Ext Fac Gar Fac Gar Fac Gar Fac Gar Res Gar Res Tes Slots Evolved 16 | . . . . . 4 . . . 4 . 2 . . . 2 . . . 2 . 2 . Power 1 | . . . . . . . . . . . 1 . . . . . . . . . . . Propulsion 2 | . . . . . . . . . 2 . . . . . . . . . . . . . Utility 11 | . . . . . 3 . . . 2 . . . . . 2 . . . 2 . 2 . Weapon 2 | . . . . . 1 . . . . . 1 . . . . . . . . . . . Parts Attached 248 | 6 8 . 1 1 18 22 1 . 11 14 6 7 . 10 2 31 . 20 23 41 17 9 Power 23 | 1 1 . . . 1 2 . . . 1 1 . . 2 . 6 . 1 1 5 1 . Engine 7 | 1 1 . . . 1 2 . . . 1 . . . . . . . . . 1 . . Core 10 | . . . . . . . . . . . 1 . . 1 . 6 . 1 . 1 . . Reactor 6 | . . . . . . . . . . . . . . 1 . . . . 1 3 1 . Propulsion 48 | 2 2 . 1 . 5 5 . . 3 3 . 3 . . . 8 . 2 3 6 3 2 Treads 11 | . 2 . 1 . 5 . . . . . . . . . . 3 . . . . . . Leg 33 | . . . . . . 3 . . 3 3 . 3 . . . 5 . 2 3 6 3 2 Wheel 2 | 2 . . . . . . . . . . . . . . . . . . . . . . Hover 1 | . . . . . . 1 . . . . . . . . . . . . . . . . Flight 1 | . . . . . . 1 . . . . . . . . . . . . . . . . Utility 115 | 1 2 . . 1 6 8 . . 8 7 1 2 . 6 2 8 . 13 12 22 10 6 Device 45 | . 1 . . 1 3 3 . . 4 5 1 . . 4 . 4 . 2 6 7 1 3 Storage 4 | 1 1 . . . . . . . . . . . . . . . . . 1 1 . . Processor 11 | . . . . . 1 2 . . 1 1 . 1 . 1 . . . . 2 . 1 1 Hackware 36 | . . . . . . 1 . . 1 . . . . . 2 1 . 10 3 10 8 . Protection 19 | . . . . . 2 2 . . 2 1 . 1 . 1 . 3 . 1 . 4 . 2 Artifact . | . . . . . . . . . . . . . . . . . . . . . . . Weapon 62 | 2 3 . . . 6 7 1 . . 3 4 2 . 2 . 9 . 4 7 8 3 1 Energy Gun 24 | 1 . . . . 1 1 . . . 3 2 . . 2 . 3 . 1 3 4 3 . Energy Cannon 4 | . . . . . . . . . . . . . . . . 2 . . 1 . . 1 Ballistic Gun 18 | 1 1 . . . 1 4 1 . . . 2 . . . . 3 . 2 1 2 . . Ballistic Cannon 5 | . 2 . . . 1 . . . . . . 1 . . . 1 . . . . . . Launcher 6 | . . . . . 2 2 . . . . . 1 . . . . . . . 1 . . Special Weapon 4 | . . . . . . . . . . . . . . . . . . 1 2 1 . . Impact Weapon 1 | . . . . . 1 . . . . . . . . . . . . . . . . . Slashing Weapon . | . . . . . . . . . . . . . . . . . . . . . . . Piercing Weapon . | . . . . . . . . . . . . . . . . . . . . . . . Special Melee Weapon . | . . . . . . . . . . . . . . . . . . . . . . . Unidentified Prototypes 10 | . . . . . . 5 . . . . . . . 3 . . . . 1 . . 1 Corrupted Parts 2 | . . . . . . . . . . . . . . . . 2 . . . . . . System Corruption 14 | . . . . . . . . . . . . . . . . 14 . . . . . . Parts Lost 71 | . 1 . . . . 5 . . . 10 . 1 . . . 16 . 2 1 9 5 21 Power 10 | . . . . . . . . . . 1 . . . . . 5 . . . 1 . 3 Propulsion 12 | . . . . . . 1 . . . 1 . . . . . 3 . . . 2 . 5 Utility 31 | . . . . . . 2 . . . 5 . . . . . 4 . 2 1 5 3 9 Weapon 18 | . 1 . . . . 2 . . . 3 . 1 . . . 4 . . . 1 2 4 Highest Loss Streak 18 | . 1 . . . . 2 . . . 9 . 1 . . . 5 . 2 1 3 3 18 To Critical Strikes . | . . . . . . . . . . . . . . . . . . . . . . . Average Backups 14 | 2 9 15 15 15 14 14 15 15 14 14 14 14 15 14 14 14 15 14 14 14 14 13 Power 1 | . 1 2 1 1 1 1 1 1 1 . . . 1 . . . 1 1 2 2 2 1 Propulsion 1 | 2 3 2 2 3 2 2 3 3 . 1 2 2 1 1 1 1 2 2 1 . 1 2 Utility 5 | . . 3 3 3 3 4 5 5 5 5 5 6 7 8 8 8 8 7 7 6 6 3 Weapon 4 | . 4 7 7 6 6 6 6 6 7 6 6 6 6 5 5 4 4 3 2 2 3 4 Tool/Special . | . . . . . . . . . . . . . . . . . . . . . . . Unused Backups 66 | . 1 1 . 1 4 4 . 1 4 5 4 3 . 1 1 10 . 6 4 5 3 8 Power 8 | . . . . . 1 1 . . 1 . . 1 . . . . . 1 1 1 . 1 Propulsion 10 | . . 1 . . 1 . . . 1 2 1 1 . . . . . 1 . . 1 1 Utility 25 | . . . . . 1 1 . . 1 2 . 1 . 1 1 7 . 2 1 3 2 2 Weapon 22 | . 1 . . 1 . 2 . 1 1 1 3 . . . . 3 . 2 2 1 . 4 Tool/Special 1 | . . . . . 1 . . . . . . . . . . . . . . . . . Average Slot Usage (%) 98 | . 96 100 100 100 99 98 100 100 98 98 99 100 100 100 99 98 100 99 99 97 90 94 Engine 4 | . 14 14 14 14 9 9 9 9 6 6 5 5 5 5 5 2 . . . . . . Core 2 | . . . . . . . . . . . 5 5 5 2 . 5 10 10 5 1 . . Reactor 1 | . . . . . . . . . . . . . . 2 5 1 . . 3 7 8 7 Treads 5 | . 22 28 28 28 18 13 . . . . . . . . . 2 . . . . . . Leg 15 | . . . . . . 3 18 18 25 26 23 23 23 23 21 18 21 21 19 19 17 16 Device 17 | . 10 14 14 14 19 10 9 9 13 18 17 17 17 16 15 20 26 17 17 28 21 22 Storage 6 | . 14 14 14 14 9 9 9 9 6 6 5 5 5 5 5 5 5 5 4 4 4 4 Processor 6 | . . . . . 8 9 9 9 7 7 11 11 11 11 10 10 10 6 7 1 1 3 Hackware 6 | . . . . . . 8 9 9 9 4 . . . . 9 4 . 9 15 10 16 16 Protection 5 | . . . . . 6 7 9 9 7 7 5 5 5 5 5 5 5 6 4 3 4 5 Energy Gun 7 | . 2 . . . 3 . . . . 8 21 19 17 19 21 12 10 8 7 6 6 5 Energy Cannon 1 | . . . . . . . . . . . . . . . . 3 5 5 2 2 3 5 Ballistic Gun 6 | . 3 . . . 8 24 27 27 20 10 1 . . . . 2 5 3 3 4 . . Ballistic Cannon 3 | . 22 28 28 28 13 . . . . . . 2 5 1 . . . . . . . . Special Weapon 1 | . . . . . . . . . . . . . . . . . . 2 2 2 3 3 Peak Build Rating 154 | 6 8 8 10 10 25 43 40 38 65 74 88 96 96 108 112 121 120 121 133 138 146 154 Average Rating 82 | 4 7 8 8 9 19 30 39 38 60 68 81 89 96 100 110 110 119 111 120 127 135 143 On Entrance 66 | . 6 8 8 10 10 25 39 38 38 64 72 88 96 96 108 111 114 120 103 127 121 124 Naked Turns 3 | . . . . . . . . . . . . . . . . . . . . . . 3 Heaviest Build 119 | 13 30 30 30 30 41 41 40 40 45 48 61 71 71 81 80 97 92 100 97 111 117 119 Greatest Support 115 | 20 40 40 40 40 40 45 40 40 91 91 91 96 96 96 96 108 98 98 98 103 110 115 Greatest Overweight (x) 1 | . . . . . 1 1 . . . . . . . . . 1 . 1 1 1 1 1 Average Overweight (x) . | . . . . . . . . . . . . . . . . . . . . . . . Largest Inventory Capacity 15 | 8 15 15 15 15 15 15 15 15 15 15 15 15 15 15 15 15 15 15 15 15 15 15 Average Capacity 14 | 7 10 15 15 15 15 15 15 15 15 15 15 15 15 15 15 15 15 15 15 15 15 14 Most Carried 15 | 6 15 15 15 15 15 15 15 15 15 15 15 15 15 15 15 15 15 15 15 15 15 15 Average Carried 14 | 3 9 14 14 14 14 14 14 14 14 14 14 14 15 14 14 14 15 14 14 14 14 14 Final Capacity 15 | 8 15 15 15 15 15 15 15 15 15 15 15 15 15 15 15 15 15 15 15 15 15 5 Final Carried 15 | 6 15 15 15 15 15 15 15 15 15 15 15 15 15 15 15 15 15 15 15 15 15 5 Class Distribution -------------------- 30% | Scavenger-Tank 14% | Commander-Tank 12% | Scavenger-Gunner 9% | Mutant 8% | Commander-Gunner 7% | Bothacker-Tank 3% | Commander-Skirmisher 3% | Skirmisher 3% | Botlord-Tank Dominant Class ---------------- Mutant | -10/Materials Mutant | -10/Mines Mutant | -10/Exiles Mutant | -9/Mines Scavenger-Tank | -8/Materials Scavenger-Tank | -8/Storage Commander-Tank | -8/Recycling Commander-Tank | -8/Scraptown Commander-Tank | -6/Factory Commander-Tank | -6/Extension Commander-Skirmisher | -5/Factory Commander-Gunner | -5/Garrison Commander-Gunner | -5/Factory Scavenger-Gunner | -5/Garrison Scavenger-Gunner | -4/Factory Scavenger-Tank | -4/Garrison Scavenger-Tank | -4/Factory Scavenger-Tank | -4/Garrison Scavenger-Gunner | -3/Research Bothacker-Tank | -3/Garrison Commander-Tank | -2/Research Bothacker-Tank | -2/Testing Resources | -11 -10 -10 -10 -9 -8 -8 -8 -8 -6 -6 -5 -5 -5 -5 -4 -4 -4 -4 -3 -3 -2 -2 ----------- Run | Yrd Mat Min Exi Min Mat Sto Rec Scr Fac Ext Fac Gar Fac Gar Fac Gar Fac Gar Res Gar Res Tes Matter Collected 10317 | 253 241 145 . 54 903 1311 49 . 352 361 322 691 . 462 . 828 . 884 911 1546 705 299 Remotely . | . . . . . . . . . . . . . . . . . . . . . . . Salvage Created 10473 | . 343 58 . . 981 1304 . . 257 449 213 692 . 745 . 1644 . 829 906 1469 307 276 Parts 509 | . 20 14 . . 55 49 . . 10 26 6 27 . 34 . 79 . 43 43 78 8 17 Haulers Intercepted 4 | . 2 . . . 2 . . . . . . . . . . . . . . . . . Recyclers Shooed 2 | . 1 . . . . . . . . 1 . . . . . . . . . . . . Parts Field Recycled . | . . . . . . . . . . . . . . . . . . . . . . . Retrieved Matter . | . . . . . . . . . . . . . . . . . . . . . . . Parts Self-Destructed . | . . . . . . . . . . . . . . . . . . . . . . . Prevented . | . . . . . . . . . . . . . . . . . . . . . . . Kills | -11 -10 -10 -10 -9 -8 -8 -8 -8 -6 -6 -5 -5 -5 -5 -4 -4 -4 -4 -3 -3 -2 -2 ------- Run | Yrd Mat Min Exi Min Mat Sto Rec Scr Fac Ext Fac Gar Fac Gar Fac Gar Fac Gar Res Gar Res Tes Combat Hostiles Destroyed 220 | . 10 9 . . 21 26 . . 4 7 3 15 . 19 . 37 . 15 13 31 5 5 Melee 1 | . . . . . 1 . . . . . . . . . . . . . . . . . Guns 93 | . 3 . . . 5 24 . . 4 7 1 4 . 3 . 13 . 6 7 13 1 2 Cannons 52 | . 6 9 . . 12 . . . . . . 1 . 1 . 7 . 4 5 4 1 2 AOE 64 | . 1 . . . 3 2 . . . . 2 9 . 14 . 16 . 4 . 10 3 . Classes Destroyed 16 | . 4 . . . 6 1 . . 1 2 . . . . . . . . . 1 1 . Worker 5 | . . . . . 1 2 . . . 1 . . . . . . . . 1 . . . Builder 2 | . . . . . 1 . . . . 1 . . . . . . . . . . . . Tunneler 2 | . 1 . . . 1 . . . . . . . . . . . . . . . . . Hauler 4 | . 2 . . . 2 . . . . . . . . . . . . . . . . . Recycler 2 | . . . . . 1 1 . . . . . . . . . . . . . . . . Mechanic 1 | . . . . . . . . . . . . . . . . . . . . . 1 . Watcher 3 | . . . . . 1 . . . . 1 . . . . . . . . 1 . . . Swarmer 66 | . 6 9 . . 3 . . . . . . 7 . 8 . 19 . 5 3 6 . . Saboteur 8 | . . . . . . . . . . . . . . . . . . . . 8 . . Grunt 76 | . 4 . . . 12 17 . . 2 3 2 7 . 7 . 8 . 3 3 7 1 . Brawler 5 | . . . . . . . . . 1 . . . . 1 . . . . . 2 1 . Duelist 6 | . . . . . . 3 . . . . . 1 . . . . . . . . 1 1 Sentry 25 | . . . . . 5 6 . . 1 2 1 . . . . 7 . 1 . 2 . . Hunter 2 | . . . . . 1 . . . . . . . . . . . . . . . 1 . Programmer 30 | . . . . . . . . . . 1 . . . 3 . 2 . 5 8 6 1 4 Behemoth 4 | . . . . . . . . . . 1 . . . . . 1 . 1 . 1 . . Butcher 1 | . . . . . . . . . . . . . . . . . . 1 . . . . Best Kill Streak 16 | . 6 6 . . 5 8 . . 4 2 2 5 . 8 . 16 . 6 3 9 3 3 Combat Bots Only 16 | . 4 6 . . 4 6 . . 4 2 2 5 . 8 . 16 . 6 3 9 2 3 Max Kills in Single Turn 4 | . 1 2 . . 2 2 . . 1 2 2 2 . 4 . 3 . 4 1 3 2 1 Gunslinging . | . . . . . . . . . . . . . . . . . . . . . . . Exploded 4 | . 1 . . . 1 2 . . . . 2 2 . 4 . 3 . 4 . 3 2 . Melee 1 | . . . . . 1 . . . . . . . . . . . . . . . . . Uniques/NPCs Destroyed . | . . . . . . . . . . . . . . . . . . . . . . . Combat | -11 -10 -10 -10 -9 -8 -8 -8 -8 -6 -6 -5 -5 -5 -5 -4 -4 -4 -4 -3 -3 -2 -2 -------- Run | Yrd Mat Min Exi Min Mat Sto Rec Scr Fac Ext Fac Gar Fac Gar Fac Gar Fac Gar Res Gar Res Tes Hostile Shots Fired 1394 | . 51 38 . . 53 104 2 . 28 223 9 53 . 16 . 217 . 93 55 163 70 219 Missed 516 | . 13 12 . . 18 23 1 . 15 96 6 17 . 6 . 91 . 37 16 76 30 59 Hits 878 | . 38 26 . . 35 81 1 . 13 127 3 36 . 10 . 126 . 56 39 87 40 160 Melee 30 | . . . . . . 6 . . . . . 2 . . . 3 . 1 . 3 . 15 Projectile 848 | . 38 26 . . 35 75 1 . 13 127 3 34 . 10 . 123 . 55 39 84 40 145 AOE 3 | . . . . . . . . . . . . . . . . . . . . . 3 . Critical Strikes 41 | . 1 1 . . 3 4 . . . 4 1 . . . . 7 . 3 3 6 1 7 Damage Taken 15834 | . 353 212 . . 414 1209 14 . 86 1610 55 781 . 211 . 2174 . 916 745 1869 1140 4045 Core 2633 | . 100 22 . . 47 104 . . 21 105 . 86 . 26 . 269 . 67 53 276 67 1390 Absorbed by Shields 2974 | . . . . . 131 268 . . 29 157 20 184 . 73 . 629 . 329 157 564 231 202 Redirected to Shielding 43 | . . . . . . 11 . . . . . . . . . . . . . 32 . . Regen/Repaired (Parts) 95 | . . . . . 81 . . . 14 . . . . . . . . . . . . . Core Remaining (%) 77 | 100 . . . 51 . . . 72 . 85 . . . 88 . . . 70 . 74 . . Volleys Fired 898 | . 34 17 . . 61 79 1 . 20 35 7 61 . 31 1 107 . 101 72 151 59 61 Largest 4 | . 2 2 . . 3 3 3 . 3 3 4 4 . 4 3 4 . 4 4 4 3 3 Hottest 432 | . 60 60 . . 111 75 75 . 73 182 255 255 . 265 194 432 . 308 317 305 251 291 Shots Fired 1861 | . 66 34 . . 165 216 4 . 54 103 28 120 . 69 3 262 . 167 134 283 75 78 Gun 1205 | . 42 . . . 70 208 4 . 54 103 28 74 . 49 3 198 . 97 76 170 16 13 Cannon 465 | . 24 34 . . 87 . . . . . . 32 . 6 . 50 . 40 32 79 19 62 Launcher 81 | . . . . . 8 8 . . . . . 14 . 14 . 14 . 3 . 8 12 . Special 110 | . . . . . . . . . . . . . . . . . . 27 26 26 28 3 Kinetic 774 | . 48 34 . . 138 208 4 . 54 57 6 32 . 6 . 52 . 25 38 72 . . Thermal 698 | . . . . . 19 . . . . 21 14 33 . 30 1 146 . 112 70 147 30 75 Explosive 52 | . . . . . 8 7 . . . . . . . 6 . 8 . 3 . 8 12 . Electromagnetic 227 | . 18 . . . . 1 . . . 25 8 55 . 27 2 56 . . . 30 5 . Robot Hit Streak 23 | . 7 3 . . 13 19 1 . 16 14 13 15 . 19 1 21 . 23 15 9 10 8 Robot Miss Streak 7 | . 4 4 . . 4 2 3 . 6 4 1 4 . 2 1 3 . 4 4 7 2 2 Penetration Max 1 | . . . . . . . . . . . . . . . . 1 . 1 . 1 . . Secondary Targets 8 | . 1 . . . . 5 . . . 1 1 . . . . . . . . . . . Max Gunslinging Chain 1 | . 1 . . . . 1 . . . 1 1 . . . . . . . . . . . Shots Hit Robots 1103 | . 41 15 . . 101 164 1 . 31 75 24 70 . 47 1 165 . 75 77 147 46 23 Core Hits 496 | . 18 9 . . 50 74 1 . 13 32 10 31 . 34 1 82 . 24 23 59 25 10 Critical Kills 8 | . . . . . 1 . . . . . . . . 1 . 1 . . 1 3 . 1 Critical Parts Destroyed 15 | . 1 . . . . . . . . 1 . 8 . 1 . . . 1 . 3 . . Critical Strikes 43 | . 1 . . . 2 . . . . 6 . 9 . 5 . 3 . 2 4 10 . 1 Burn 15 | . . . . . . . . . . 4 . . . 3 . 2 . 1 3 2 . . Meltdown 4 | . . . . . . . . . . . . . . . . . . . 1 2 . 1 Destroy 20 | . 1 . . . . . . . . 1 . 9 . 2 . 1 . 1 . 5 . . Blast 1 | . . . . . 1 . . . . . . . . . . . . . . . . . Corrupt 2 | . . . . . . . . . . 1 . . . . . . . . . 1 . . Smash 1 | . . . . . 1 . . . . . . . . . . . . . . . . . Melee Attacks 13 | . . . . . 5 8 . . . . . . . . . . . . . . . . Impact 13 | . . . . . 5 8 . . . . . . . . . . . . . . . . Slashing . | . . . . . . . . . . . . . . . . . . . . . . . Piercing . | . . . . . . . . . . . . . . . . . . . . . . . Sneak Attacks 1 | . . . . . 1 . . . . . . . . . . . . . . . . . Combat Hostiles 1 | . . . . . 1 . . . . . . . . . . . . . . . . . Follow-up Attacks . | . . . . . . . . . . . . . . . . . . . . . . . Damage Inflicted 31370 | . 617 322 . . 1774 3359 17 . 521 1493 756 1862 . 2270 55 6052 . 2018 1921 4997 2398 938 Guns 15919 | . 306 . . . 528 2621 17 . 521 1493 559 804 . 700 42 2909 . 1025 1234 2470 343 347 Cannons 6428 | . 259 322 . . 1006 . . . . . . 221 . 65 . 1160 . 641 672 1146 387 549 Explosions 8841 | . 48 . . . 140 730 . . . . 197 837 . 1505 . 1983 . 352 . 1381 1668 . Melee 100 | . . . . . 100 . . . . . . . . . . . . . . . . . Ramming 82 | . 4 . . . . 8 . . . . . . . . 13 . . . 15 . . 42 Kinetic 9275 | . 395 322 . . 1225 2621 17 . 521 655 158 221 . 65 . 1071 . 371 443 1190 . . Thermal 11165 | . 48 . . . 309 . . . . 365 411 430 . 562 . 2738 . 1295 1463 2042 606 896 Explosive 6088 | . . . . . 140 606 . . . . . . . 769 . 1172 . 352 . 1381 1668 . Electromagnetic 4660 | . 170 . . . . 124 . . . 473 187 1211 . 874 42 1071 . . . 384 124 . Impact 100 | . . . . . 100 . . . . . . . . . . . . . . . . . Slashing . | . . . . . . . . . . . . . . . . . . . . . . . Piercing . | . . . . . . . . . . . . . . . . . . . . . . . Highest Corruption 21 | . . . . . . 2 2 . . . 1 1 1 1 . 15 15 21 5 16 6 15 Average Corruption 6 | . . . . . . 2 2 . . . 1 1 1 1 . 1 15 16 2 9 5 7 Corruption Purged 10 | . . . . . . . . . . . . . . . . . . . 10 . . . Corruption Blocked . | . . . . . . . . . . . . . . . . . . . . . . . Effects 185 | . . . . . . 6 6 . . . 1 19 . 4 . 1 . 70 2 46 14 16 Message Errors 42 | . . . . . . 1 1 . . . . 2 . 1 . 1 . 20 . 12 2 2 Matter Fused 46 | . . . . . . 1 2 . . . 1 6 . 1 . . . 18 1 11 3 2 Heat Flow Errors 17 | . . . . . . 1 1 . . . . . . . . . . 6 . 6 1 2 Energy Discharges 20 | . . . . . . . . . . . . 2 . 1 . . . 9 . 3 1 4 Parts Rejected 3 | . . . . . . . . . . . . . . . . . . . . . 1 2 Parts Fused 4 | . . . . . . 1 . . . . . . . . . . . 1 . 2 . . Data Loss (minor) 21 | . . . . . . . . . . . . 5 . . . . . 6 . 5 4 1 Data Loss (major) 11 | . . . . . . 1 . . . . . 3 . . . . . 2 . 3 1 1 Misfires 8 | . . . . . . 1 1 . . . . . . . . . . 2 1 2 1 . Alerts 4 | . . . . . . . 1 . . . . . . 1 . . . 1 . 1 . . Weapon Failures 9 | . . . . . . . . . . . . 1 . . . . . 5 . 1 . 2 Overload Shots 1 | . . . . . . . . . . . . . . . . 1 . . . . . . Overflow Damage 318 | . . . . . . . . . . . . 1 . 51 . 50 . 10 39 54 94 19 Projectiles 109 | . . . . . . . . . . . . . . . . 4 . 10 39 37 . 19 Explosions 209 | . . . . . . . . . . . . 1 . 51 . 46 . . . 17 94 . Melee . | . . . . . . . . . . . . . . . . . . . . . . . Knockbacks 24 | . 1 3 . . 14 . . . . . . 2 . 1 . 2 . . . . . 1 Impact 1 | . . . . . . . . . . . . . . . . . . . . . . 1 Kinetic 22 | . 1 3 . . 13 . . . . . . 2 . 1 . 2 . . . . . . Secondary 1 | . . . . . 1 . . . . . . . . . . . . . . . . . Self-Inflicted Damage 387 | . . . . . 23 93 . . . . . 54 . 44 . 47 . 42 . 82 . 2 Shots 15 | . . . . . 1 6 . . . . . 3 . 1 . 2 . 1 . 1 . . Rammed 5 | . 3 . . . . 1 . . . . . . . . . . . . . . . 1 Targets Rammed 18 | . 3 . . . . 3 . . . . . . . . 1 . . . 2 . . 9 Kicked 12 | . . . . . . 1 . . . . . . . . 1 . . . 2 . . 8 Crushed 1 | . . . . . . 1 . . . . . . . . . . . . . . . . Highest Temperature 464 | . 152 . . . 122 259 149 . 56 230 314 431 . 290 27 300 . 312 265 464 . 285 Average Temperature 74 | . 59 . . . 36 51 61 . 23 76 101 101 . 93 18 85 . 88 70 82 . 76 Received Heat Transfer 2248 | . 96 . . . 202 452 9 . 24 315 . 169 . 42 . 251 . 114 18 126 62 368 Effects 4 | . . . . . . . . . . . 1 3 . . . . . . . . . . Shutdowns 1 | . . . . . . . . . . . . 1 . . . . . . . . . . Interference 1 | . . . . . . . . . . . 1 . . . . . . . . . . . Matter Decay 1 | . . . . . . . . . . . . 1 . . . . . . . . . . Damage (minor) 1 | . . . . . . . . . . . . 1 . . . . . . . . . . Siege Activations . | . . . . . . . . . . . . . . . . . . . . . . . Martial Activations . | . . . . . . . . . . . . . . . . . . . . . . . Shielding Activations . | . . . . . . . . . . . . . . . . . . . . . . . Robots Disrupted 1 | . . . . . . . . . . 1 . . . . . . . . . . . . Combat Hostiles 1 | . . . . . . . . . . 1 . . . . . . . . . . . . Robots Corrupted 5 | . . . . . . . . . . . . 1 . 1 . 1 . . . 2 . . Combat Hostiles 5 | . . . . . . . . . . . . 1 . 1 . 1 . . . 2 . . Parts Fried 11 | . . . . . . . . . . 1 . 6 . . . 2 . . . 2 . . Impact Corruptions . | . . . . . . . . . . . . . . . . . . . . . . . Robots Melted 5 | . . . . . . . . . . . . . . . . . . 1 1 2 . 1 Combat Hostiles 5 | . . . . . . . . . . . . . . . . . . 1 1 2 . 1 Parts Melted 42 | . . . . . 1 . . . . . 2 . . 1 . 7 . 3 10 11 . 7 Heat Transferred 15016 | . 50 . . . 666 . . . . 1073 507 888 . 1062 . 3296 . 1477 1984 2588 611 814 Parts Sabotaged 9 | . . . . . . . . . . . . . . . . . . 2 . . . 7 Parts Stolen . | . . . . . . . . . . . . . . . . . . . . . . . Parts Stripped . | . . . . . . . . . . . . . . . . . . . . . . . Power Chain Reactions 8 | . 1 . . . . . . . . . 1 1 . 3 . 2 . . . . . . Alert | -11 -10 -10 -10 -9 -8 -8 -8 -8 -6 -6 -5 -5 -5 -5 -4 -4 -4 -4 -3 -3 -2 -2 ------- Run | Yrd Mat Min Exi Min Mat Sto Rec Scr Fac Ext Fac Gar Fac Gar Fac Gar Fac Gar Res Gar Res Tes Maximum Alert Level 5 | . . . . . 1 2 . . . 1 1 5 3 4 3 5 3 4 3 5 5 5 Low Security (%) 30 | 100 100 100 . 100 61 77 100 . 100 78 66 . . . . . . . . . . . Level 1 8 | . . . . . 38 17 . . . 21 33 13 . . . . . . 4 3 . . Level 2 16 | . . . . . . 5 . . . . . 9 . 7 40 22 . 13 85 21 . . Level 3 13 | . . . . . . . . . . . . 12 100 22 59 15 100 35 10 36 . . Level 4 19 | . . . . . . . . . . . . 49 . 69 . 51 . 51 . 4 46 . Level 5 6 | . . . . . . . . . . . . 15 . . . 10 . . . 34 10 . High Security 2 | . . . . . . . . . . . . . . . . . . . . . 43 . Max Security 2 | . . . . . . . . . . . . . . . . . . . . . . 99 Peak Influence 2618 | . 129 142 . . 316 485 177 . 149 367 377 1822 956 1540 800 1673 877 1419 798 2440 2618 2043 Initial 1461 | . . . . . . 131 72 . . 41 166 233 956 655 800 451 877 613 798 407 1372 1461 Average 747 | . 36 69 . . 148 124 135 . 40 126 220 1147 946 1264 719 1125 877 1065 542 1246 1754 1771 Influence Increases 14205 | . 253 232 . . 777 863 275 . 229 849 347 1779 . 970 43 1382 . 866 505 2283 2044 508 Destroy 0b10 Robot/C 6140 | . 200 180 . . 440 540 80 . 100 360 140 800 . 460 . 740 . 320 280 880 520 100 Destroy 0b10 Robot/NC 125 | . 15 . . . 40 20 . . . 25 5 . . . . . . . 10 . 10 . Destroy Leader 728 | . 24 30 . . 116 132 . . 30 42 32 40 . 30 . 50 . 40 52 40 70 . Allied During Kill 2556 | . . 22 . . 11 13 56 . 83 395 144 476 . 193 . . . 78 59 521 505 . Successful Hack 150 | . 9 . . . 18 20 4 . . 17 4 14 . . 13 . . . 30 21 . . Select Force Hacks 120 | . . . . . . . 120 . . . . . . . . . . . . . . . Disable Machine 360 | . . . . . 30 90 15 . 15 . . 15 . 15 . 45 . 15 30 15 . 75 Anti-Garrison Action 1400 | . . . . . . . . . . . . 200 . 100 . 250 . 250 . 450 150 . Destroy Structure 1981 | . 5 . . . 32 48 . . 1 10 22 99 . 142 . 267 . 163 44 326 729 93 Lose Combat Pursuer 645 | . . . . . 90 . . . . . . 135 . 30 30 30 . . . 30 60 240 Influence Decreases 12486 | . 253 130 102 . 465 989 344 117 144 594 354 290 886 381 923 354 796 324 1381 386 1886 1387 Entered New Map 6920 | . . . 102 . . 181 114 117 . 44 174 100 866 281 725 194 796 264 621 136 1068 1137 Time Decay 2973 | . 150 130 . . 425 418 230 . 144 310 160 . 20 . 198 . . . 550 . 238 . Lost Part 710 | . 10 . . . . 50 . . . 100 . 10 . . . 160 . 20 10 90 50 210 Lost Ally 1490 | . . . . . 40 40 . . . 140 20 180 . 100 . . . 40 200 160 530 40 Purge Threat 393 | . 93 . . . . 300 . . . . . . . . . . . . . . . . Squads Dispatched 65 | . . . . . 7 5 . . . 4 . . . . 2 . . . 6 . 21 20 Investigation 4 | . . . . . 2 . . . . 2 . . . . . . . . . . . . Extermination 5 | . . . . . . . . . . . . . . . 1 . . . 3 . 1 . Reinforcement 8 | . . . . . 2 . . . . 2 . . . . . . . . 3 . 1 . Assault 39 | . . . . . . 2 . . . . . . . . . . . . . . 17 20 Garrison 9 | . . . . . 3 3 . . . . . . . . 1 . . . . . 2 . Intercept . | . . . . . . . . . . . . . . . . . . . . . . . Searches Triggered . | . . . . . . . . . . . . . . . . . . . . . . . Construction Impeded 4 | . . . . . 1 . . . . 2 . . . . . . . . 1 . . . Haulers Reinforced . | . . . . . . . . . . . . . . . . . . . . . . . Active Scanning Responses . | . . . . . . . . . . . . . . . . . . . . . . . Cargo Convoy Interrupts . | . . . . . . . . . . . . . . . . . . . . . . . Alert ID Control Effect 40 | . . . . . . . . . . . . . . . . . . 3 7 4 26 . Stealth | -11 -10 -10 -10 -9 -8 -8 -8 -8 -6 -6 -5 -5 -5 -5 -4 -4 -4 -4 -3 -3 -2 -2 --------- Run | Yrd Mat Min Exi Min Mat Sto Rec Scr Fac Ext Fac Gar Fac Gar Fac Gar Fac Gar Res Gar Res Tes Distress Signals 16 | . 2 . . . 3 3 . . . 1 2 . . . 1 . . . . . 3 1 Communications Jammed . | . . . . . . . . . . . . . . . . . . . . . . . Distress Signals . | . . . . . . . . . . . . . . . . . . . . . . . Times Spotted 502 | . 14 8 . . 29 38 1 . 5 19 9 39 . 23 1 40 . 30 32 55 69 90 Peak Tracking Total 49 | . 4 3 . . 4 7 2 . 3 7 6 6 . 7 3 7 . 6 7 7 7 49 Tactical Retreats 22 | . . . . . 6 . . . . . . 3 . 2 1 1 . . . 1 4 4 Traps | -11 -10 -10 -10 -9 -8 -8 -8 -8 -6 -6 -5 -5 -5 -5 -4 -4 -4 -4 -3 -3 -2 -2 ------- Run | Yrd Mat Min Exi Min Mat Sto Rec Scr Fac Ext Fac Gar Fac Gar Fac Gar Fac Gar Res Gar Res Tes Traps Triggered 24 | . . . . . 1 1 . . . 1 . 8 . 4 . 4 . . . 5 . . Indirectly 4 | . . . . . . 1 . . . . . 1 . . . 2 . . . . . . Trap Hack Attempts . | . . . . . . . . . . . . . . . . . . . . . . . Triggered . | . . . . . . . . . . . . . . . . . . . . . . . Disarmed . | . . . . . . . . . . . . . . . . . . . . . . . Reprogrammed . | . . . . . . . . . . . . . . . . . . . . . . . Reused . | . . . . . . . . . . . . . . . . . . . . . . . Traps Extracted . | . . . . . . . . . . . . . . . . . . . . . . . Installed . | . . . . . . . . . . . . . . . . . . . . . . . Triggered . | . . . . . . . . . . . . . . . . . . . . . . . Machines | -11 -10 -10 -10 -9 -8 -8 -8 -8 -6 -6 -5 -5 -5 -5 -4 -4 -4 -4 -3 -3 -2 -2 ---------- Run | Yrd Mat Min Exi Min Mat Sto Rec Scr Fac Ext Fac Gar Fac Gar Fac Gar Fac Gar Res Gar Res Tes Machines Disabled 47 | . . . . . 2 6 1 . 1 1 . 4 . 3 . 6 . 5 2 7 1 8 Max in Single Turn 2 | . . . . . 1 2 1 . 1 1 . 2 . 1 . 1 . 2 1 1 . 2 Garrison Access 1 | . . . . . . . . . . . . . . . . . . . . . 1 . Garrison Relay 14 | . . . . . . . . . . . . 1 . 2 . 3 . 2 . 6 . . Phase Generator 2 | . . . . . . . . . . . . 1 . . . . . 1 . . . . Machines Repaired . | . . . . . . . . . . . . . . . . . . . . . . . Machines Dismantled . | . . . . . . . . . . . . . . . . . . . . . . . Machines Sabotaged . | . . . . . . . . . . . . . . . . . . . . . . . Overloaded Fab Kills . | . . . . . . . . . . . . . . . . . . . . . . . Hacking | -11 -10 -10 -10 -9 -8 -8 -8 -8 -6 -6 -5 -5 -5 -5 -4 -4 -4 -4 -3 -3 -2 -2 --------- Run | Yrd Mat Min Exi Min Mat Sto Rec Scr Fac Ext Fac Gar Fac Gar Fac Gar Fac Gar Res Gar Res Tes Machines Accessed 61 | . 3 . 1 . 6 6 8 . 3 8 1 3 1 . 4 1 1 1 7 3 4 . Terminals 42 | . 3 . . . 3 6 4 . 2 8 . 3 . . 2 1 . 1 3 3 3 . Fabricators 1 | . . . . . . . . . . . . . . . 1 . . . . . . . Repair Stations 3 | . . . . . 2 . . . 1 . . . . . . . . . . . . . Recycling Units 5 | . . . . . . . 4 . . . . . . . . . . . . . 1 . Scanalyzers 4 | . . . . . 1 . . . . . . . . . . . . . 3 . . . Garrison Access 5 | . . . . . . . . . . . 1 . 1 . 1 . 1 . 1 . . . Total Hacks 135 | . 11 . 1 . 19 16 19 . 5 20 1 5 2 . 8 2 1 2 12 5 6 . Successful 60 | . 5 . 1 . 10 8 11 . 3 6 1 1 2 . 4 . 1 1 4 2 . . Failed 75 | . 6 . . . 9 8 8 . 2 14 . 4 . . 4 2 . 1 8 3 6 . Catastrophic 14 | . . . . . 2 1 . . 1 4 . 1 . . 1 . . . 1 1 2 . Database Lockouts . | . . . . . . . . . . . . . . . . . . . . . . . Manual 64 | . 6 . 1 . 12 8 14 . 1 7 . . . . 4 . . . 5 1 5 . Terminals 105 | . 11 . . . 13 16 13 . 3 20 . 5 . . 4 2 . 2 6 5 5 . Fabricators 3 | . . . . . . . . . . . . . . . 3 . . . . . . . Repair Stations 6 | . . . . . 4 . . . 2 . . . . . . . . . . . . . Recycling Units 7 | . . . . . . . 6 . . . . . . . . . . . . . 1 . Scanalyzers 7 | . . . . . 2 . . . . . . . . . . . . . 5 . . . Garrison Access 6 | . . . . . . . . . . . 1 . 2 . 1 . 1 . 1 . . . Terminal Hacks 30 | . 4 . 1 . 3 6 4 . 1 5 . 1 . . 1 . . 1 1 2 . . Part Schematic 1 | . . . . . . . . . . . . . . . 1 . . . . . . . Robot Analysis 1 | . . . . . 1 . . . . . . . . . . . . . . . . . Prototype ID Bank 5 | . 1 . . . 1 1 . . . 1 . . . . . . . . 1 . . . Open Door 9 | . . . . . . 2 . . 1 4 . . . . . . . 1 . 1 . . Branch Access Points 2 | . 1 . . . 1 . . . . . . . . . . . . . . . . . Emergency Access Points 2 | . . . . . . . . . . . . 1 . . . . . . . 1 . . Alert Level 4 | . . . . . . . 4 . . . . . . . . . . . . . . . Unreport Threat 3 | . 1 . . . . 2 . . . . . . . . . . . . . . . . Locate Traps 1 | . . . . . . 1 . . . . . . . . . . . . . . . . Hauler Manifests 1 | . 1 . . . . . . . . . . . . . . . . . . . . . Proto ID Catalog 1 | . . . 1 . . . . . . . . . . . . . . . . . . . Fabricator Hacks 1 | . . . . . . . . . . . . . . . 1 . . . . . . . Network Status 1 | . . . . . . . . . . . . . . . 1 . . . . . . . Repair Station Hacks 6 | . . . . . 4 . . . 2 . . . . . . . . . . . . . Scan Component 3 | . . . . . 2 . . . 1 . . . . . . . . . . . . . Repair 3 | . . . . . 2 . . . 1 . . . . . . . . . . . . . Recycling Unit Hacks 1 | . . . . . . . 1 . . . . . . . . . . . . . . . Report Inventory 1 | . . . . . . . 1 . . . . . . . . . . . . . . . Scanalyzer 3 | . . . . . 2 . . . . . . . . . . . . . 1 . . . Insert Component 3 | . . . . . 2 . . . . . . . . . . . . . 1 . . . Garrison Access Hacks 6 | . . . . . . . . . . . 1 . 2 . 1 . 1 . 1 . . . Unlock Access 5 | . . . . . . . . . . . 1 . 1 . 1 . 1 . 1 . . . Coupler Status 1 | . . . . . . . . . . . . . 1 . . . . . . . . . Unauthorized Hacks 13 | . 1 . . . 1 2 6 . . 1 . . . . 1 . . . 1 . . . Terminals 9 | . 1 . . . 1 2 2 . . 1 . . . . 1 . . . 1 . . . Botnet 8 | . 1 . . . 1 2 2 . . 1 . . . . 1 . . . . . . . Operators 1 | . . . . . . . . . . . . . . . . . . . 1 . . . Fabricators . | . . . . . . . . . . . . . . . . . . . . . . . Repair Stations . | . . . . . . . . . . . . . . . . . . . . . . . Recycling Units 4 | . . . . . . . 4 . . . . . . . . . . . . . . . Tunnel 4 | . . . . . . . 4 . . . . . . . . . . . . . . . Scanalyzers . | . . . . . . . . . . . . . . . . . . . . . . . Garrison Access . | . . . . . . . . . . . . . . . . . . . . . . . Data Cores Recovered 1 | . . . . . . . . . . . . . . . . . . . . . 1 . Used . | . . . . . . . . . . . . . . . . . . . . . . . Hacking Detections 43 | . 3 . . . 5 4 2 . 1 7 . 2 1 . 4 1 . 1 6 2 4 . Full Trace Events 3 | . . . . . 1 . . . . 2 . . . . . . . . . . . . Feedback Events . | . . . . . . . . . . . . . . . . . . . . . . . Feedback Blocked . | . . . . . . . . . . . . . . . . . . . . . . . Robot Schematics Acquired . | . . . . . . . . . . . . . . . . . . . . . . . Robots Built . | . . . . . . . . . . . . . . . . . . . . . . . Authchips . | . . . . . . . . . . . . . . . . . . . . . . . Time . | . . . . . . . . . . . . . . . . . . . . . . . Total Robot Build Rating . | . . . . . . . . . . . . . . . . . . . . . . . Part Schematics Acquired 1 | . . . . . . . . . . . . . . . 1 . . . . . . . Parts Built . | . . . . . . . . . . . . . . . . . . . . . . . Authchips . | . . . . . . . . . . . . . . . . . . . . . . . Time . | . . . . . . . . . . . . . . . . . . . . . . . Total Part Build Rating . | . . . . . . . . . . . . . . . . . . . . . . . Parts Repaired 3 | . . . . . 2 . . . 1 . . . . . . . . . . . . . Time 77 | . . . . . 58 . . . 19 . . . . . . . . . . . . . Parts Recycled . | . . . . . . . . . . . . . . . . . . . . . . . Recycled Matter . | . . . . . . . . . . . . . . . . . . . . . . . Retrieved Matter . | . . . . . . . . . . . . . . . . . . . . . . . Retrieved Components . | . . . . . . . . . . . . . . . . . . . . . . . Parts Scanalyzed . | . . . . . . . . . . . . . . . . . . . . . . . Part Schematics Acquired . | . . . . . . . . . . . . . . . . . . . . . . . Parts Damaged . | . . . . . . . . . . . . . . . . . . . . . . . Bothacking | -11 -10 -10 -10 -9 -8 -8 -8 -8 -6 -6 -5 -5 -5 -5 -4 -4 -4 -4 -3 -3 -2 -2 ------------ Run | Yrd Mat Min Exi Min Mat Sto Rec Scr Fac Ext Fac Gar Fac Gar Fac Gar Fac Gar Res Gar Res Tes Used RIF Installer 6 | . . . . . . . . . . . . 1 . 1 . 1 . 2 . 1 . . Command Fork 1 | . . . . . . . . . . . . . . . . . . 1 . . . . Watcher Feeds 1 | . . . . . . . . . . . . . . . . . . 1 . . . . Patrol Navigation 1 | . . . . . . . . . . . . . . 1 . . . . . . . . Alert ID Control 1 | . . . . . . . . . . . . . . . . 1 . . . . . . Autoassimilate 1 | . . . . . . . . . . . . . . . . . . . . 1 . . Robots Hacked 72 | . . . . . . . . . . . . . . . . . . 14 14 17 23 4 Non-combat 10 | . . . . . . . . . . . . . . . . . . . 7 . 3 . Combat 62 | . . . . . . . . . . . . . . . . . . 14 7 17 20 4 Autoassimilated 5 | . . . . . . . . . . . . . . . . . . . . . 4 1 Robot Hacks Applied 80 | . . . . . . . . . . . . . . . . . . 21 17 18 21 3 parse_system 6 | . . . . . . . . . . . . . . . . . . 2 . 1 2 1 no_distress 2 | . . . . . . . . . . . . . . . . . . . 2 . . . generate_anomaly 1 | . . . . . . . . . . . . . . . . . . . 1 . . . map_walls 1 | . . . . . . . . . . . . . . . . . . . 1 . . . find_recycling 1 | . . . . . . . . . . . . . . . . . . . 1 . . . find_station 1 | . . . . . . . . . . . . . . . . . . . 1 . . . block_reporting 1 | . . . . . . . . . . . . . . . . . . . . . 1 . map_route 3 | . . . . . . . . . . . . . . . . . . . 1 . 2 . mark_security 1 | . . . . . . . . . . . . . . . . . . . 1 . . . scatter_targeting 2 | . . . . . . . . . . . . . . . . . . . . 1 1 . mark_system 1 | . . . . . . . . . . . . . . . . . . 1 . . . . broadcast_data 2 | . . . . . . . . . . . . . . . . . . . . 2 . . disrupt_area 7 | . . . . . . . . . . . . . . . . . . 4 1 . 2 . spike_heat 1 | . . . . . . . . . . . . . . . . . . . 1 . . . overload_power 2 | . . . . . . . . . . . . . . . . . . 1 1 . . . amplify_resonance 1 | . . . . . . . . . . . . . . . . . . . 1 . . . wipe_record 1 | . . . . . . . . . . . . . . . . . . 1 . . . . disable_weapons 5 | . . . . . . . . . . . . . . . . . . 2 . . 3 . reboot_system 1 | . . . . . . . . . . . . . . . . . . . . 1 . . go_dormant 1 | . . . . . . . . . . . . . . . . . . 1 . . . . overwrite_iff 5 | . . . . . . . . . . . . . . . . . . 1 . . 4 . streamctrl_high 3 | . . . . . . . . . . . . . . . . . . . 2 . . 1 formatsys_high 31 | . . . . . . . . . . . . . . . . . . 8 3 13 6 1 Relay Couplers Released 70 | . . . . . . . . . . . . 5 . 9 . 18 . 7 . 27 4 . Machine Destruction 62 | . . . . . . . . . . . . 5 . 9 . 14 . 7 . 27 . . Programmers 8 | . . . . . . . . . . . . . . . . 4 . . . . 4 . Attached 31 | . . . . . . . . . . . . . . . 2 1 . 10 2 10 6 . Fabnet Peak Effective % . | . . . . . . . . . . . . . . . . . . . . . . . Robots Rewired 25 | . . . . . . . . . . 8 . 8 . . . . . . . 9 . . Allies Hacked 4 | . . . . . . . . . . . . . . . . . . . 1 2 1 . Hacks Repelled . | . . . . . . . . . . . . . . . . . . . . . . . Allies | -11 -10 -10 -10 -9 -8 -8 -8 -8 -6 -6 -5 -5 -5 -5 -4 -4 -4 -4 -3 -3 -2 -2 -------- Run | Yrd Mat Min Exi Min Mat Sto Rec Scr Fac Ext Fac Gar Fac Gar Fac Gar Fac Gar Res Gar Res Tes Total Allies 99 | . . 3 . . . 12 . . . 12 . 10 . . . . . 10 7 25 17 3 Largest Group 21 | . . 3 3 3 3 10 10 10 10 21 11 11 7 7 . . . 8 9 16 16 1 Highest-Rated Group 974 | . . 40 40 40 40 173 173 173 173 539 286 558 330 330 . . . 297 530 940 974 58 Highest-Rated Ally 183 | . . 16 16 16 16 31 29 29 29 39 39 119 110 110 . . . 49 142 119 183 58 Total Orders 65 | . . 1 . . 6 . . . . 4 . 4 . . . . . 21 19 3 6 1 STAY 35 | . . 1 . . 4 . . . . 3 . 1 . . . . . 12 8 2 3 1 FOLLOW 29 | . . . . . 2 . . . . 1 . 3 . . . . . 9 11 1 2 . GUARD 1 | . . . . . . . . . . . . . . . . . . . . . 1 . Ally Attacks 738 | . . . . . 15 16 29 . 5 106 31 113 . 48 . . . 15 72 90 196 2 Total Damage 23390 | . . . . . 141 137 378 . 47 1851 555 2608 . 1479 . . . 537 1602 3182 10809 64 Kills 142 | . . . . . 2 2 4 . 1 16 6 27 . 4 . . . 4 8 17 51 . Allies Corrupted 10 | . . . . . . . . . . . . . . . . . . . 1 2 7 . Allies Melted . | . . . . . . . . . . . . . . . . . . . . . . . Intel | -11 -10 -10 -10 -9 -8 -8 -8 -8 -6 -6 -5 -5 -5 -5 -4 -4 -4 -4 -3 -3 -2 -2 ------- Run | Yrd Mat Min Exi Min Mat Sto Rec Scr Fac Ext Fac Gar Fac Gar Fac Gar Fac Gar Res Gar Res Tes Active Infowar (turns) 7450 | . . . . 75 1476 . . . 323 422 313 191 57 75 365 654 15 796 1189 785 509 205 Sensors 279 | . . . . . 277 . . . . . . . . . . . . . 2 . . . Terrain 362 | . . . . . . . . . . 50 312 . . . . . . . . . . . Structural 1551 | . . . . 75 1476 . . . . . . . . . . . . . . . . . Traps 5856 | . . . . . . . . . 323 414 280 191 57 75 365 654 15 796 1187 785 509 205 Robot Analysis Total 1 | . . . . . 1 . . . . . . . . . . . . . . . . . Derelict Logs Recovered 1 | . . . . 1 . . . . . . . . . . . . . . . . . . Drone Launches . | . . . . . . . . . . . . . . . . . . . . . . . Drone Recoveries . | . . . . . . . . . . . . . . . . . . . . . . . Exploration | -11 -10 -10 -10 -9 -8 -8 -8 -8 -6 -6 -5 -5 -5 -5 -4 -4 -4 -4 -3 -3 -2 -2 ------------- Run | Yrd Mat Min Exi Min Mat Sto Rec Scr Fac Ext Fac Gar Fac Gar Fac Gar Fac Gar Res Gar Res Tes Turns Passed 17628 | 56 487 286 395 372 1593 1292 485 502 620 682 328 1379 57 589 416 1555 15 1682 1582 1957 878 420 Spaces Moved 10613 | 51 224 143 245 230 660 509 405 456 454 368 233 955 35 408 327 985 11 1151 987 1055 559 162 Core 5 | 1 . . . . . . . . . . . . . . . . . . . . . 4 Treads 1836 | . 193 143 245 230 660 365 . . . . . . . . . . . . . . . . Legs 8691 | . . . . . . 144 405 456 454 368 233 955 35 408 327 985 11 1151 987 1055 559 158 Wheels 81 | 50 31 . . . . . . . . . . . . . . . . . . . . . Hover . | . . . . . . . . . . . . . . . . . . . . . . . Flight . | . . . . . . . . . . . . . . . . . . . . . . . Fastest Speed 50 | 50 80 160 160 160 160 105 105 105 105 105 105 105 105 105 105 105 112 112 115 115 115 50 Average Speed 119 | 79 148 160 160 160 160 152 105 105 105 105 105 105 105 105 105 108 112 113 117 116 119 116 Slowest Speed 240 | 80 160 160 160 160 240 240 105 105 105 105 105 112 105 105 105 190 112 190 190 185 185 190 Overloaded Moves . | . . . . . . . . . . . . . . . . . . . . . . . Propulsion Burnouts . | . . . . . . . . . . . . . . . . . . . . . . . Robots Hopped 1 | . . . . . . . . . . . . . . 1 . . . . . . . . Potential Cave-ins 8 | . . . . . . . . . . . . . . . . . . . . . . 8 Cave-ins Triggered 3 | . . . . . . . . . . . . . . . . . . . . 1 1 1 Exploration Rate (%) 44 | 4 37 27 66 58 43 65 87 44 9 45 8 92 1 42 8 72 . 74 23 95 26 53 Regions Visited 22 Branch Regions 8 Pre-discovered Areas 4 | . . . . . . . 4 . . . . . . . . . . . . . . . Known Exits Taken 7 | . 1 . . . 1 . . . . . 1 . 1 . 1 . 1 . 1 . . . Unknown Exits Taken 10 | 1 . 1 1 1 . 1 1 1 1 1 . . . . . . . . . . 1 . Scrap Searched 5 | . . 1 . 1 . . . 3 . . . . . . . . . . . . . . Spaces Dug 131 | . . . . . 37 4 . . . . . . . . . 2 . 8 4 24 16 36 Terrain Destroyed 860 | . 2 . . . 52 45 . . . . 10 78 . 67 . 129 . 103 15 184 124 51 Melee 7 | . . . . . 3 4 . . . . . . . . . . . . . . . . Projectile 146 | . . . . . . . . . . . . . . . . 19 . 15 15 48 9 40 AOE 707 | . 2 . . . 49 41 . . . . 10 78 . 67 . 110 . 88 . 136 115 11 Terrain Rammed . | . . . . . . . . . . . . . . . . . . . . . . . Walls Destroyed . | . . . . . . . . . . . . . . . . . . . . . . . Machines Disabled . | . . . . . . . . . . . . . . . . . . . . . . . Actions | -11 -10 -10 -10 -9 -8 -8 -8 -8 -6 -6 -5 -5 -5 -5 -4 -4 -4 -4 -3 -3 -2 -2 --------- Run | Yrd Mat Min Exi Min Mat Sto Rec Scr Fac Ext Fac Gar Fac Gar Fac Gar Fac Gar Res Gar Res Tes Total 14262 | 63 317 167 250 235 1068 914 463 479 571 599 294 1226 55 511 397 1285 12 1409 1316 1587 725 319 Wait 1431 | 1 27 6 . . 276 232 53 22 57 58 15 75 21 24 59 70 . 64 156 123 40 52 Move 10589 | 50 223 142 244 229 659 508 404 455 453 367 232 954 34 405 327 983 10 1150 987 1054 558 161 Hop 1 | . . . . . . . . . . . . . . 1 . . . . . . . . Pick Up 239 | 6 12 1 2 2 16 18 1 1 12 16 9 6 . 7 4 34 . 17 22 31 16 6 Fast Attach 86 | 6 4 . . 1 6 9 1 . 5 2 2 2 . 3 . 13 . 7 3 11 4 7 Attach 95 | . 2 . . . 2 5 . . 3 10 2 1 . . 2 14 . 7 7 19 11 10 Detach 47 | . 4 . . . 1 3 . . 2 1 . . . . . 4 . 6 5 13 5 3 Swap 291 | . 2 . 1 . 19 27 1 . 7 8 18 23 . 22 1 25 2 35 37 42 18 3 Drop 238 | . 6 1 3 3 23 19 2 1 12 9 9 9 . 12 2 31 . 19 23 34 14 6 Fire 898 | . 34 17 . . 61 79 1 . 20 35 7 61 . 31 1 107 . 101 72 151 59 61 Melee 13 | . . . . . 5 8 . . . . . . . . . . . . . . . . Ram 1 | . . . . . . . . . . . . . . . . . . . . . . 1 Kick 12 | . . . . . . 1 . . . . . . . . 1 . . . 2 . . 8 Crush 5 | . 3 . . . . 2 . . . . . . . . . . . . . . . . Escape Stasis 39 | . . . . . . . . . . 1 . 4 . 6 . 4 . . . 23 . 1 Rewire 277 | . . . . . . 3 . . . 92 . 91 . . . . . 3 2 86 . . Trap . | . . . . . . . . . . . . . . . . . . . . . . . Miscellaneous . | . . . . . . . . . . . . . . . . . . . . . . . Route ------- -11/Scrapyard -10/Materials (discovered 2 exits: *Min x2) -10/Mines (discovered 2 exits: [*Mat] / *Exi) -10/Exiles -9/Mines -8/Materials (discovered 3 exits: *Fac / *Sto x2) -8/Storage -8/Recycling (discovered 2 exits: *Fac / [*Scr]) -8/Scraptown -6/Factory (discovered 2 exits: *Low / *Ext) -6/Extension -5/Factory -5/Garrison (discovered 3 exits: *Fac x3) -5/Factory -5/Garrison -4/Factory -4/Garrison (discovered 2 exits: *Fac x2) -4/Factory -4/Garrison (discovered 2 exits: *Res x2) -3/Research (discovered 2 exits: *Res / Gar) -3/Garrison (discovered 3 exits: *Res x3) -2/Research -2/Testing History --------- Turn | Location | Event 12 | -11/Scrapyard | Discovered new exit (range 15) 57 | -11/Scrapyard | Entered Materials 300 | -10/Materials | Build established: Mutant 354 | -10/Materials | Identified exit to Mines 544 | -10/Materials | Entered Mines 592 | -10/Mines | Assisted by bots powering up and referring to "LRC-V3" 611 | -10/Mines | Discovered new exit (range 12) 649 | -10/Mines | Deemed a non-threat by the Exiles lab entrance 649 | -10/Mines | Discovered new exit (range 5) 830 | -10/Mines | Entered Exiles 830 | -10/Exiles | Accompanied by 3 allies 874 | -10/Exiles | Met 8R-AWN 902 | -10/Exiles | Met EX-HEX 950 | -10/Exiles | Met EX-BIN 982 | -10/Exiles | Aligned with FarCom system 984 | -10/Exiles | Given EX-Vault access code 1021 | -10/Exiles | Opened EX-Vault 1033 | -10/Exiles | Found Potential Leg 1040 | -10/Exiles | Found Potential Leg 1077 | -10/Exiles | Warned to stay clear of 0b10 Research branches 1123 | -10/Exiles | Met EX-DEC 1206 | -10/Exiles | Discovered new exit (range 14) 1225 | -10/Exiles | Left Exiles lab with Potential Leg 1225 | -10/Exiles | Entered Mines 1225 | -9/Mines | Accompanied by 3 allies 1230 | -9/Mines | Learned Materials interactive machine intel 1324 | -9/Mines | Met a Derelict bent on vengeance 1566 | -9/Mines | Discovered new exit (range 10) 1597 | -9/Mines | Entered Materials 1597 | -8/Materials | Accompanied by 3 allies 1597 | -8/Materials | Evolved 4 slots: Utility x3, Weapon x1 1598 | -8/Materials | Loaded intel: 17 interactive machine locations 1902 | -8/Materials | Build established: Skirmisher 1907 | -8/Materials | Garrison activated, responded to threat 2396 | -8/Materials | Discovered new exit (range 16) 2419 | -8/Materials | Identified exit to Factory 2508 | -8/Materials | Repaired Lgt. Armor Plating 2746 | -8/Materials | Identified exit to Storage 2793 | -8/Materials | Build established: Scavenger-Tank 2888 | -8/Materials | Repaired Shield Generator 3190 | -8/Materials | Entered Storage 3852 | -8/Storage | Garrison activated, responded to threat 4030 | -8/Storage | Met a pair of Derelict thieves 4391 | -8/Storage | Assisted by bots powering up and referring to "LRC-V3" 4458 | -8/Storage | Used back door to open Recycling access 4458 | -8/Storage | Discovered new exit (range 5) 4482 | -8/Storage | Entered Recycling 4482 | -8/Recycling | Accompanied by 10 allies 4786 | -8/Recycling | Build established: Commander-Tank 4854 | -8/Recycling | Discovered new exit (range 16) 4900 | -8/Recycling | Scanned before Scraplab entrance 4915 | -8/Recycling | Entered Scraplab 4923 | -8/Recycling | Discovered new exit (range 3) 4967 | -8/Recycling | Entered Scraptown 4967 | -8/Scraptown | Accompanied by 10 allies 4967 | -8/Scraptown | System corruption cleaned by C-Scrubber 5112 | -8/Scraptown | Heard Great Nut preacher, LISTEN AND RECITE! 5160 | -8/Scraptown | Discovered new exit (range 13) 5249 | -8/Scraptown | Visited Shadow of the Wyrm 5256 | -8/Scraptown | Visited Comm Corps 5307 | -8/Scraptown | Visited Spacefarers 5369 | -8/Scraptown | Turned away by UFD registrar 5385 | -8/Scraptown | Visited Cave Peace 5469 | -8/Scraptown | Entered Factory 5469 | -6/Factory | Accompanied by 10 allies 5469 | -6/Factory | Evolved 4 slots: Propulsion x2, Utility x2 5562 | -6/Factory | Discovered new exit (range 7) 5611 | -6/Factory | Identified exit to Lower Caves 5744 | -6/Factory | Repaired Reaction Control System 6060 | -6/Factory | Discovered new exit (range 10) 6089 | -6/Factory | Entered Extension 6089 | -6/Extension | Accompanied by 9 allies 6476 | -6/Extension | Rescued a captive Derelict 6489 | -6/Extension | Rescued a captive Derelict 6558 | -6/Extension | Rescued a captive Derelict 6560 | -6/Extension | Rescued a captive Derelict 6567 | -6/Extension | Spotted B-75 Beast 6573 | -6/Extension | Spotted B-75 Beast 6600 | -6/Extension | Allies destroyed B-75 Beast 6626 | -6/Extension | Destroyed B-75 Beast 6655 | -6/Extension | Lost 9 parts (1p1n4u3w) 6657 | -6/Extension | Lost 8 allies 6696 | -6/Extension | Discovered new exit (range 3) 6771 | -6/Extension | Entered Factory 6771 | -5/Factory | Accompanied by 11 allies 6771 | -5/Factory | Evolved 2 slots: Power x1, Weapon x1 7030 | -5/Factory | Build established: Commander-Skirmisher 7085 | -5/Factory | Identified exit to Garrison 7099 | -5/Factory | Entered Garrison 7099 | -5/Garrison | Accompanied by 9 allies 7140 | -5/Garrison | Found embedded Infiltrators 7248 | -5/Garrison | Phase Generator disabled 7287 | -5/Garrison | Triggered checkpoint 7379 | -5/Garrison | Triggered checkpoint 7410 | -5/Garrison | Lost 5 allies 7415 | -5/Garrison | Triggered checkpoint 7433 | -5/Garrison | Spotted B-75 Beast 7437 | -5/Garrison | Allies destroyed B-75 Beast 7450 | -5/Garrison | Triggered checkpoint 7469 | -5/Garrison | Triggered checkpoint 7501 | -5/Garrison | Lost 3 allies 7515 | -5/Garrison | Triggered checkpoint 7554 | -5/Garrison | Discovered new exit (range 10) 7603 | -5/Garrison | Rewired Executioner 7608 | -5/Garrison | Rewired Executioner 7619 | -5/Garrison | Triggered checkpoint 7631 | -5/Garrison | Triggered checkpoint 7632 | -5/Garrison | Build established: Scavenger-Gunner 7875 | -5/Garrison | Discovered new exit (range 10) 7929 | -5/Garrison | Triggered checkpoint 7961 | -5/Garrison | Triggered checkpoint 7973 | -5/Garrison | Garrison Relay disabled 7982 | -5/Garrison | Build established: Commander-Gunner 8235 | -5/Garrison | Triggered checkpoint 8246 | -5/Garrison | Discovered new exit (range 15) 8308 | -5/Garrison | Installed Relay Interface Framework 8428 | -5/Garrison | Lost 4 allies 8478 | -5/Garrison | Entered Factory 8478 | -5/Factory | Accompanied by 7 allies 8507 | -5/Factory | Identified exit to Garrison 8535 | -5/Factory | Entered Garrison 8535 | -5/Garrison | Accompanied by 7 allies 8561 | -5/Garrison | Triggered checkpoint 8598 | -5/Garrison | Garrison Relay disabled 8675 | -5/Garrison | Triggered checkpoint 8704 | -5/Garrison | Triggered checkpoint 8726 | -5/Garrison | Destroyed 8 combat bots 8735 | -5/Garrison | Lost 3 allies 8773 | -5/Garrison | Destroyed 7 combat bots 8835 | -5/Garrison | Found Prototype Processor 8835 | -5/Garrison | Identified Exp. Targeting Computer 8865 | -5/Garrison | Heavy support dispatched to Factory 8891 | -5/Garrison | Triggered checkpoint 8923 | -5/Garrison | Discovered new exit (range 13) 8937 | -5/Garrison | Garrison Relay disabled 9009 | -5/Garrison | Build established: Scavenger-Gunner 9011 | -5/Garrison | Triggered checkpoint 9045 | -5/Garrison | Expanded RIF knowledge: Patrol Navigation 9124 | -5/Garrison | Entered Factory 9124 | -4/Factory | Evolved 2 slots: Utility x2 9342 | -4/Factory | Garrison activated, responded to threat 9540 | -4/Factory | Identified exit to Garrison 9540 | -4/Factory | Entered Garrison 9601 | -4/Garrison | Spotted B-86 Titan 9674 | -4/Garrison | Destroyed B-86 Titan 9720 | -4/Garrison | Triggered checkpoint 9766 | -4/Garrison | Expanded RIF knowledge: Alert ID Control 9779 | -4/Garrison | Garrison Relay disabled 9872 | -4/Garrison | Triggered checkpoint 9875 | -4/Garrison | Triggered checkpoint 9916 | -4/Garrison | Found Hvy. Reflective Plating 9930 | -4/Garrison | Lost 3 parts (1p1u1w) 9931 | -4/Garrison | Build established: Scavenger-Tank 10147 | -4/Garrison | Triggered checkpoint 10191 | -4/Garrison | Destroyed 16 combat bots 10229 | -4/Garrison | Discovered new exit (range 11) 10350 | -4/Garrison | Triggered checkpoint 10427 | -4/Garrison | Lost 5 parts (2p1n2u) 10713 | -4/Garrison | Garrison Relay disabled 10749 | -4/Garrison | Discovered new exit (range 15) 11093 | -4/Garrison | System corruption reached 10% 11095 | -4/Garrison | Entered Factory 11103 | -4/Factory | Identified exit to Garrison 11110 | -4/Factory | Entered Garrison 11234 | -4/Garrison | Triggered checkpoint 11302 | -4/Garrison | Expanded RIF knowledge: Watcher Feeds 11331 | -4/Garrison | Phase Generator disabled 11345 | -4/Garrison | Garrison Relay disabled 11729 | -4/Garrison | Triggered checkpoint 11735 | -4/Garrison | Spotted B-86 Titan 11776 | -4/Garrison | Destroyed B-86 Titan 11852 | -4/Garrison | Triggered checkpoint 11916 | -4/Garrison | Triggered checkpoint 12088 | -4/Garrison | Expanded RIF knowledge: Command Fork 12130 | -4/Garrison | Discovered new exit (range 12) 12192 | -4/Garrison | Triggered checkpoint 12242 | -4/Garrison | Rescued a captive Derelict 12248 | -4/Garrison | Garrison Relay disabled 12357 | -4/Garrison | Discovered new exit (range 13) 12792 | -4/Garrison | Entered Research 12792 | -3/Research | Accompanied by 7 allies 12792 | -3/Research | Evolved 2 slots: Utility x2 12876 | -3/Research | Discovered new exit (range 22) 13053 | -3/Research | Lost 3 allies 13214 | -3/Research | Identified exit to Research 13547 | -3/Research | Lost 4 allies 13899 | -3/Research | Build established: Scavenger-Gunner 14374 | -3/Research | Identified exit to Garrison 14374 | -3/Research | Entered Garrison 14374 | -3/Garrison | Accompanied by 1 ally 14488 | -3/Garrison | Triggered checkpoint 14665 | -3/Garrison | Spotted B-86 Titan 14678 | -3/Garrison | Triggered checkpoint 14708 | -3/Garrison | Destroyed B-86 Titan 14992 | -3/Garrison | Discovered exit to Research (range 8) 15018 | -3/Garrison | Triggered checkpoint 15036 | -3/Garrison | Garrison Relay disabled 15119 | -3/Garrison | P-80 Master assimilated allied Veteran 8e 15211 | -3/Garrison | Build established: Bothacker-Tank 15328 | -3/Garrison | Triggered checkpoint 15344 | -3/Garrison | Triggered checkpoint 15380 | -3/Garrison | Triggered checkpoint 15391 | -3/Garrison | Garrison Relay disabled 15509 | -3/Garrison | Discovered exit to Research (range 10) 15537 | -3/Garrison | Spotted Striker 15554 | -3/Garrison | Rewired Executioner 15556 | -3/Garrison | Rewired Executioner 15580 | -3/Garrison | Allies destroyed Striker 15683 | -3/Garrison | Crushed by falling debris 15683 | -3/Garrison | System corruption reached 10% 15697 | -3/Garrison | Destroyed 9 combat bots 15714 | -3/Garrison | Lost 3 parts (1p1n1u) 15842 | -3/Garrison | Triggered checkpoint 15845 | -3/Garrison | Garrison Relay disabled 16006 | -3/Garrison | Discovered exit to Research (range 10) 16048 | -3/Garrison | Triggered checkpoint 16094 | -3/Garrison | Garrison Relay disabled 16136 | -3/Garrison | Rescued a captive Derelict 16231 | -3/Garrison | Expanded RIF knowledge: Autoassimilate 16331 | -3/Garrison | Entered Research 16331 | -2/Research | Accompanied by 16 allies 16331 | -2/Research | Evolved 2 slots: Utility x2 16384 | -2/Research | Discovered new exit (range 134) 16596 | -2/Research | Build established: Commander-Tank 16728 | -2/Research | Garrison activated, responded to threat 16773 | -2/Research | Lost 7 allies 16831 | -2/Research | First assault squad dispatched 16831 | -2/Research | High security lockdown imminent 16911 | -2/Research | High security lockdown engaged 16999 | -2/Research | Build established: Botlord-Tank 17066 | -2/Research | Crushed by falling debris 17199 | -2/Research | Lost 16 allies 17209 | -2/Research | Entered Testing 17210 | -2/Testing | Maximum security lockdown engaged 17239 | -2/Testing | Lost 3 parts (2u1w) 17261 | -2/Testing | Found Prototype Ballistic Cannon 17395 | -2/Testing | Found Prototype Energy Gun 17514 | -2/Testing | Spotted Executioner 17532 | -2/Testing | Crushed by falling debris 17533 | -2/Testing | System corruption reached 10% 17559 | -2/Testing | Found Prototype Energy Cannon 17609 | -2/Testing | Spotted PH-LC0FN2V23C 17621 | -2/Testing | Core integrity fell below 50% 17627 | -2/Testing | Core integrity fell below 20% 17629 | -2/Testing | Destroyed by G-73 Enforcer with Heavy Laser Last Messages --------------- 17622_ Slug penetrates G-73 Enforcer. 17623_ Myomer Leg destroyed. 17623_ Kicked G-73 Enforcer. 17623_ Penetrated by Slug. 17623_ Centrium Leg destroyed. 17624_ System corrupted: Energy discharge (-28). 17624_ Kicked G-73 Enforcer out of the way. 17625_ PH-LC0FN2V23C suffers critical hit (Burn). 17625_ Penetrated by Slug. 17625_ Centrium Leg destroyed. 17626_ Dropped Lrg. Storage Unit. 17626_ Relay Coupler [NC] blown off. 17626_ >> Watcher Feeds: All visual feed links lost. 17626_ Core Analyzer blown off. 17626_ Relay Coupler [Grunt] blown off. 17626_ Slammed into G-73 Enforcer. 17626_ M-36 Artificer repairs L-61 Swordsman. 17628_ M-36 Artificer repairs G-73 Enforcer. 17629_ Penetrated by Slug. 17629_ Slug penetrates G-73 Enforcer. Map ----- +----------------------------------------------------+ | # #??# " "#??????????????????????????? | | # #??#""* ""#??????????????????????????? | | # #???" " "##?????????????????????????? | | # #???#"#"" "##????????????????????????? | | # #???#"####" #????????????????????????? | | # #???# ??#####???????????????????????? | | "! ##??# #???# ##??????????????????????? | | [!= "#??# #???### ##?????????????????????? | | " ! "############# ##????????????????????? | | "%* " #sp##???????????????????? | | "| " "??? ######??????????????????? | | " " " "?? #?## ##?????????????????? | | " # " """ #??## ##????????????????? | | " # " #???## ##???????????????? | | # """""" ######;###??????????????? | | # """""" #"# #g"w##?????????????? | | # " h ## =m"""##########????? | | b " """ #"==*gh## #????? | | # " "??? #""!%="##l"" #????? | | # b w """ #=[glh"## "" " #????? | | # g C #]mg|*!## "" #????? | | #####g#########;#/#### """ #????? | | #?# hgbg m=gei%!#gb """" #????? | | # " F" #?# m gg pgggggh# """"" #????? | | # """" ### b [gl!ggggb"""" #????? | | ######## l i @ g%b[g#gi"""" #????? | | ???????# ###############""" " #????? | | ???????# !#?????????????# "" #????? | | ?###T### """ """ #?????????????# #????? | | # """ """ #?????????????# #????? | | + """ """ #?????????????# #????? | | # """ """ # ""??????????# #????? | | # """ """ + """?????????####+##+####????? | | #### """ """ # ??????????????????????????? | | ???# """ """ #?= ?????????????????????????? | | ???# """ """ #??#??????????????????????????? | | ?? """ """ ???????????????????????????? | | ?? ?????????????????????????? | | ? ?????????????????????????? | | ! [ ?????????????????????????? | | ??#######"T"### ####??????????????????????????? | | ????????#"""??? #?????????????????????????????? | | ?????????###??? #?????????????????????????????? | | ??????????????? #?????????????????????????????? | | ??????????????? ??????????????????????????????? | | ??????????????? #?????????????????????????????? | | ???????????????? ??????????????????????????????? | | ???????????????? ????????????????????????????????? | | ???????????????? ???????????????????????????????? | | ????????????????? ???????????????????????????????? | +----------------------------------------------------+ Best States ------------- Heat Dissipation 177 Energy Generation 43 Energy Capacity 710 Matter Stores 300 Matter Capacity 300 Sight Range 16 Robot Scan Range 15 Terrain Scan Range 16 Terrain Scan Density 10 Base Temperature (-) 200 EM Shielding 2 Armor Coverage 600 Propulsion Shielding 33 Utility Shielding 33 Phase Shifting 10 Evasion (%) 75 Targeting Accuracy 20 Target Analysis 8 Core Analysis 6 Armor Integrity Analysis 40 Recoil Reduction 2 Offensive Hacking 12 Defensive Hacking 20 Relay Coupler Types 5 Relay Coupler Value 109 Item Schematics ----------------- Remote Datajack | -4/Factory | Hacked Robot Schematics ------------------ None Fabricated ------------ Nothing Repaired ---------- Lgt. Armor Plating | 34% | -8/Materials Shield Generator | 26% | -8/Materials Reaction Control System | 53% | -6/Factory Alien Tech Used ----------------- None Achievements -------------- Beloved Challenges ------------ None Game ------ Seed ConstructAutogunMembrane Manual? 0 Play Time 07:17:36 Cumulative 151.5 hours Start 2025.06.01 @ 19:46:01 End 2025.06.21 @ 22:41:06 Sessions 15 Manual Loads 0 Difficulty Rogue Special Mode None Game No. 40 Rogue 40 Adventurer 0 Explorer 0 Win Type - Total 1 Types 1/0/0/0/0/0/0/0/0/0 Lore% 49 Gallery% 58 Achievement% 48 Wizard Run 0 Options --------- Layout 0 ASCII 0 Keyboard 1 Movement Numpad Keybinds 0 Fullscreen 1 Font 24/Smallcaps Map View 76x50 Zoom Use 0% Tactical HUD 1 Map Filters NONE Filters NONE Steam 1 RUN: a4f19c26-4db9-45e6-924e-209959b9c626